 Dungeon Crawl Stone Soup version 0.31-b1-18-g61460d1e46 (webtiles) character file.

Game seed: 17402107143338583082

123 groovy9 the Conjurer (level 4, -1/24 HPs)
             Began as a Deep Elf Conjurer on Jan 16, 2024.
             Killed by miscasting Iskenderun's Mystic Blast (7 damage)
             ... on level 4 of the Dungeon.
             The game lasted 00:06:34 (2919 turns).

groovy9 the Conjurer (Deep Elf Conjurer)            Turns: 2919, Time: 00:06:34

Health: -1/24      AC:  5    Str:  4    XL:     4   Next: 80%
Magic:  0/12       EV: 12    Int: 25    God:
Gold:   224        SH:  0    Dex: 13    Spells: 1/12 levels left

rFire   . . .        h - +0 short sword
rCold   . . .        (no shield)
rNeg    . . .        a - +0 robe
rPois   .            r - +2 hat
rElec   .            (no cloak)
rCorr   .            j - +0 pair of gloves
SInv    .            (no boots)
Will    .....        (no amulet)
Stlth   ++           (no ring)
HPRegen 0.24/turn    (no ring)
MPRegen 0.13/turn

%: no passive effects
@: very slightly contaminated
A: no striking features
a: no special abilities


You were on level 4 of the Dungeon.
You visited 1 branch of the dungeon, and saw 4 of its levels.

You collected 224 gold pieces.

Inventory:

Hand Weapons
 h - a +0 short sword (weapon)
Armour
 a - a +0 robe (worn)
 j - a +0 pair of gloves (worn)
 r - a +2 hat (worn)
 v - a +0 buckler
Wands
 p - a wand of charming (8)
Scrolls
 e - 3 scrolls of vulnerability {unknown}
 f - a scroll of teleportation {unknown}
 g - 3 scrolls of identify {unknown}
 m - a scroll of enchant weapon {unknown}
 n - a scroll of blinking {unknown}
 q - a scroll of fear {unknown}
 s - 2 scrolls of immolation {unknown}
Potions
 b - a potion of magic
 c - 5 potions of curing {unknown}
 d - 2 potions of heal wounds {unknown}
 i - 3 potions of lignification {unknown}
 k - a potion of cancellation {unknown}
 l - 2 potions of brilliance {unknown}
 o - a potion of enlightenment {unknown}
 t - a potion of degeneration {unknown}
 u - a potion of invisibility {unknown}


   Skills:
 - Level 2.4 Dodging
 - Level 2.4 Stealth
 + Level 0.1 Shields
 + Level 4.6 Spellcasting
 * Level 6.1 Conjurations


You had one spell level left.
You knew the following spells:

 Your Spells              Type           Power      Damage    Failure   Level
a - Magic Dart            Conj           100%       1d8       1%          1
b - Searing Ray           Conj           72%        2d7       1%          2
c - Fulminant Prism       Conj/Alch      10%        3d8       24%         4
d - Iskenderun's Mystic   Conj/Tloc      21%        2d6       24%         4

Your spell library contained the following spells:

 Spells                   Type           Power      Damage    Failure   Level
 Flame Wave               Conj/Fire      21%        2d8       24%         4
 Inner Flame              Hex/Fire       5%         N/A       26%         3
 Arcjolt                  Conj/Air       10%        1d20      56%         5
 Sticky Flame             Fire/Alch      5%         2d4       65%         4
 Vhi's Electric Charge    Tloc/Air       10%        N/A       65%         4
 Maxwell's Capacitive Co  Air            2%         ∞         100%        8


Dungeon Overview and Level Annotations

Branches:
Dungeon (4/15)
 Temple: D:4-7

Altars:
Qazlal


Message History

Casting: Magic Dart (safe; 1% risk of failure)
Confirm with . or Enter, or press ? or * to list all spells.
Aiming: Magic Dart (safe; 1% risk of failure)
Press: ? - help, Shift-Dir - straight line, f/p - hobgoblin
Aim: a hobgoblin (almost dead, 100% to hit)
The magic dart hits the hobgoblin but does no damage.
The hobgoblin is almost dead.
A black bear comes into view.
The black bear growls angrily.
A black bear comes into view.
There is a stone staircase leading up here.
The black bear growls angrily.
You climb upwards.
There is a stone staircase leading down here.
You start resting.
Magic restored.
You climb downwards.
The black bear barely misses you. The black bear misses you.
The black bear claws you.
The hobgoblin hits you but does no damage.
There is a stone staircase leading up here.
Casting: Magic Dart (safe; 1% risk of failure)
Confirm with . or Enter, or press ? or * to list all spells.
You miscast Iskenderun's Mystic Blast.
You are very lightly contaminated with residual magic.
Nothing appears to happen.
The goblin shouts!
The ball python hisses angrily.
The hobgoblin misses you. The black bear bites you. The black bear claws you.
The black bear claws you but does no damage.
Casting: Iskenderun's Mystic Blast (astonishingly dangerous; 24% risk of failure)
Confirm with . or Enter, or press ? or * to list all spells.
You miscast Iskenderun's Mystic Blast.
Nothing appears to happen.
The hobgoblin hits you. The black bear bites you.
* * * LOW HITPOINT WARNING * * *
The black bear claws you but does no damage.
The black bear misses you.
Casting: Iskenderun's Mystic Blast (astonishingly dangerous; 24% risk of failure)
Confirm with . or Enter, or press ? or * to list all spells.
You miscast Iskenderun's Mystic Blast.
The air around you crackles with energy!
You die...

.........g####
....#.........###### .
..#.#......##......##..
........###............
........###.......#....
......................
........>.........##...
....#.h.g.............<
.......@h..###.#.......
...............#.......
...........##..#...#...
....S.......<..#.......
..g.....#.#.†..#.#...#.
........#.#............
...............#.......
.....................
...............


You could see 2 black bears, a hobgoblin, a goblin and a ball python.

Vanquished Creatures
  2 gnolls (D:1)
  4 adders
  A dart slug (D:2)
  A ribbon worm (D:2)
  6 bats
  7 endoplasms
  6 giant cockroaches
  8 goblins
  6 jackals
  4 kobolds
  2 quokkas (D:1)
  9 ball pythons
  A frilled lizard (D:1)
  5 rats
62 creatures vanquished.

Notes
Turn   | Place    | Note
-------+----------+-------------------------------------------
     0 | D:1      | groovy9 the Deep Elf Conjurer began the quest for the Orb.
     0 | D:1      | Reached XP level 1. HP: 10/10 MP: 6/6
    74 | D:1      | Reached XP level 2. HP: 15/15 MP: 4/8
    79 | D:1      | Learned a level 2 spell: Searing Ray
   372 | D:1      | Reached skill level 5 in Conjurations
   521 | D:1      | Reached XP level 3. HP: 19/19 MP: 5/10
  1263 | D:2      | Reached XP level 4. HP: 24/24 MP: 10/12
  1712 | D:3      | Learned a level 4 spell: Fulminant Prism
  1717 | D:3      | Learned a level 4 spell: Iskenderun's Mystic Blast
  2354 | D:3      | Reached skill level 6 in Conjurations
  2372 | D:3      | Found a stormy altar of Qazlal.
  2882 | D:4      | Noticed a black bear
  2891 | D:4      | Noticed a black bear
  2919 | D:4      | Killed by miscasting Iskenderun's Mystic Blast

Illustrated notes

Levels and vault maps discovered:
D:1:      dpeg_arrival_more_subterranean_lakeside_camping, layout_basic
D:2:      layout_basic, minmay_door_square, kennysheep_generic_room_11
D:3:      layout_loops_corners, nicolae_qazlal_general_emergency,
          chequers_serial_rivers_small_a, minmay_gold_behind_fungi
D:4:      layout_basic, uniq_duvessa

Skill      XL: |  1  2  3  4 |
---------------+-------------+-----
Conjurations   | 5 6 |  6.1
Spellcasting   | 4 |  4.6
Dodging        | |  2.4
Stealth        | |  2.4
Shields        | |  0.1

Action                     |  1- 3 |  4- 6 || total
---------------------------+-------+-------++-------
  Melee: Short sword       |    11 |       ||    11
         Punch             |     1 |       ||     1
   Cast: Magic Dart        |    33 |    39 ||    72
         Searing Ray       |    13 |    13 ||    26
 Armour: Robe              |     4 |    10 ||    14
  Dodge: Dodged            |     9 |     5 ||    14
